 Dungeon Crawl Stone Soup version 0.29.0-7-g18a832c13a (webtiles) character file.

Game seed: 17897248832650773219

3381 LynnLen the Thaumaturge (level 9, -9/37 (39) HPs)
             Began as a Spriggan Conjurer on Aug 30, 2022.
             Was an Initiate of Vehumet.
             Mangled by a slime creature (16 damage)
             ... on level 7 of the Dungeon.
             The game lasted 00:40:21 (15323 turns).

LynnLen the Thaumaturge (Spriggan Conjurer)        Turns: 15323, Time: 00:40:22

HP:   -9/37 (39)    AC:  3    Str:  3    XL:     9   Next: 74%
MP:   16/24         EV: 17    Int: 24    God:    Vehumet [......]
Gold: 503           SH:  0    Dex: 13    Spells: 18/29 levels left

rFire   . . .      SeeInvis +   C - +9 long sword of the Dragonfly {freeze, rPois}
rCold   . . .      Faith    .   (no shield)
rNeg    . . .      Spirit   .   a - +0 robe
rPois   +          Reflect  .   (helmet restricted)
rElec   .          Harm     .   w - +0 cloak
rCorr   .          Rampage  .   (gloves unavailable)
Will    +....                   (boots unavailable)
Stlth   ++........              (no amulet)
HPRegen 0.12/turn               (no ring)
MPRegen 0.19/turn               (no ring)

@: drained, very quick
A: very small, no large weapons, unfitting armour, see invisible, speed 3
a: Renounce Religion


You were on level 7 of the Dungeon.
You worshipped Vehumet.
Vehumet was noncommittal.
You visited 2 branches of the dungeon, and saw 9 of its levels.

You collected 503 gold pieces.

Inventory:

Hand Weapons
 C - the +9 long sword of the Dragonfly (weapon) {freeze, rPois}
   (You found it on level 6 of the Dungeon)

   It freezes those it strikes, dealing additional cold damage.
   It can also slow down cold-blooded creatures.
   rPois:     It protects you from poison.
Missiles
 c - 3 silver boomerangs
Armour
 a - a +0 robe (worn)
 w - a +0 cloak (worn)
Jewellery
 m - a ring of wizardry
 q - the ring of Nilluu {Str+2 Int+7 SInv}
   (You found it on level 5 of the Dungeon)

   [ring of see invisible]

   Str:       It affects your strength (+2).
   Int:       It affects your intelligence (+7).
   SInv:      It lets you see invisible.
 x - a ring of magical power
Wands
 d - a wand of light (4)
 B - a wand of polymorph (7)
Scrolls
 g - a scroll of noise {unknown}
 i - 2 scrolls of immolation {unknown}
 j - a scroll of enchant armour {unknown}
 k - a scroll of vulnerability {unknown}
 n - 2 scrolls of enchant weapon
 s - 2 scrolls of teleportation
 t - a scroll of amnesia {unknown}
 u - a scroll of fog {unknown}
 v - a scroll of silence {unknown}
Potions
 b - 2 potions of magic
 e - 2 potions of haste
 f - a potion of resistance {unknown}
 h - 4 potions of brilliance
 l - 2 potions of lignification {unknown}
 r - a potion of mutation {unknown}
 z - a potion of might {unknown}


   Skills:
 + Level 3.0 Dodging
 - Level 3.0 Stealth
 + Level 10.6 Spellcasting
 - Level 6.6 Conjurations
 - Level 9.1 Hexes
 + Level 1.1 Translocations


You had 18 spell levels left.
You knew the following spells:

 Your Spells              Type           Power      Damage    Failure   Level
a - Magic Dart            Conj           100%       1d8       1%          1
b - Searing Ray           Conj           88%        2d7       1%          2
c - Fulminant Prism       Conj/Hex       25%        3d14      1%          4
d - Iskenderun's Mystic   Conj/Tloc      31%        2d8       10%         4

Your spell library contained the following spells:

 Spells                   Type           Power      Damage    Failure   Level
 Dazzling Flash           Conj/Hex       100%       N/A       1%          3
 Necrotise                Necr           48%        1d6       4%          1
 Scorch                   Fire           24%        2d6       8%          2
 Flame Wave               Conj/Fire      28%        2d9       13%         4
 Vampiric Draining        Necr           12%        2d6       16%         3
 Agony                    Necr           12%        N/A       80%         5
 Summon Cactus Giant      Summ           6%         N/A       100%        6


Dungeon Overview and Level Annotations

Branches:
Dungeon (8/15)             Temple (1/1) D:7
   Lair: D:8-11

Altars:
Ashenzari
Cheibriados
Dithmenos
Elyvilon
Fedhas
Gozag
Hepliaklqana
Kikubaaqudgha
Makhleb
Nemelex Xobeh
Okawaru
Qazlal
Ru
Sif Muna
Trog
Vehumet
Wu Jian
Xom
Yredelemnul
Lugonu

Shops:
D:6 =

Portals:
Abyss: D:6

Annotations:
D:8 Erica


Innate Abilities, Weirdness & Mutations

You are very small and have problems with some larger weapons.
You are too small for most types of armour.
You have supernaturally acute eyesight. (SInv)
You cover ground extremely quickly. (Speed+++)


Message History

The slime creature quivers.
There is a stone staircase leading up here.
There is a stone staircase leading up here.
There is a stone staircase leading up here.
The slime creature hits you!
There is a stone staircase leading up here.
The slime creature closely misses you.
You climb upwards.
There is a stone staircase leading down here.
Unknown command.
Okay, then.
Aiming: Searing Ray (safe; 1% risk of failure)
Press: ? - help, Q - select action, (/) - cycle Shift-Dir - straight line, f - slime creature
Aim: a slime creature (96% to hit)
The searing ray hits the slime creature!
The slime creature is lightly wounded. (Press . to maintain the ray.)
The searing ray hits the slime creature!
The slime creature is moderately wounded.
The searing ray hits the slime creature!
The slime creature is heavily wounded.
The searing ray hits the slime creature!
The slime creature is heavily wounded.
You finish channelling your searing ray.
The slime creature barely misses you.
Aiming: Searing Ray (safe; 1% risk of failure)
Press: ? - help, Q - select action, (/) - cycle Shift-Dir - straight line, f/p - slime creature
Aim: a slime creature (heavily wounded, 96% to hit)
The searing ray hits the slime creature!
The slime creature is severely wounded. (Press . to maintain the ray.)
The slime creature hits you.
The searing ray hits the slime creature!
The slime creature is almost dead.
The slime creature hits you!
* * * LOW HITPOINT WARNING * * *
The searing ray hits the slime creature!
The slime creature is almost dead.
The slime creature hits you!
You die...

#...###############
#.>................
###.)..............
#.......####......
#.#####.# #..##.#
#.# #.# #...... #.#
#.# ##..... #J# #.#
#.###. #@# #.# #.#
## ##'### #.# #.# #
#....# #.#####.####
#....# #^..........
#....# ######......
#....# #......
#....# #......
##'####### #......
#.......# #######


You could see a slime creature.

Vanquished Creatures
  A two-headed ogre (D:6)
  Sigmund (D:5)
  A wyvern (D:7)
  An ice beast (D:7)
  2 black bears
  An ogre (D:5)
  4 centaurs
  A phantom (D:4)
  A kobold brigand (D:6)
  2 bullfrogs (D:6)
  A gnoll sergeant (D:6)
  2 scorpions
  A wight (D:7)
  8 killer bees
  3 howler monkeys
  A bullfrog zombie (D:5)
  An orc priest (D:5)
  6 hounds
  2 gnoll boudas
  Jessica (D:3)
  Ijyb (D:5)
  Natasha (thrice) (D:2)
  3 iguanas
  An orc wizard (D:5)
  Terence (D:3)
  A howler monkey zombie (D:5)
  16 gnolls
  7 adders
  An ufetubus (D:6)
  3 worms
  4 dart slugs
  7 orcs
  9 endoplasms
  A giant cockroach (D:2)
  6 goblins
  5 hobgoblins
  6 jackals
  A quokka (D:4)
  7 ball pythons
  3 bats
  3 frilled lizards (D:1)
  10 kobolds
  3 rats
  2 lurking horrors (D:6)
145 creatures vanquished.

Vanquished Creatures (others)
  7 demonic plants (D:3)
  11 fulminant prisms (D:6)
18 creatures vanquished.

Grand Total: 163 creatures vanquished

Notes
Turn   | Place    | Note
-------+----------+-------------------------------------------
     0 | D:1      | LynnLen the Spriggan Conjurer began the quest for the Orb.
     0 | D:1      | Reached XP level 1. HP: 9/9 MP: 5/5
   547 | D:1      | Reached skill level 3 in Spellcasting
   770 | D:1      | Reached XP level 2. HP: 13/13 MP: 1/7
   773 | D:1      | Learned a level 2 spell: Searing Ray
   877 | D:1      | Found a faded altar of an unknown god.
  1734 | D:2      | Reached XP level 3. HP: 16/16 MP: 5/9
  2403 | D:2      | Reached skill level 4 in Spellcasting
  2456 | D:2      | Identified the +6 triple crossbow of the Howling Traitor
                  | {freeze, rN++ Int-3}
  3249 | D:2      | Reached XP level 4. HP: 21/21 MP: 1/11
  3433 | D:2      | Learned a level 4 spell: Fulminant Prism
  3450 | D:2      | Noticed Natasha
  3483 | D:2      | Killed Natasha
  3490 | D:2      | Noticed Natasha
  3795 | D:2      | Killed Natasha
  4356 | D:3      | Noticed Terence
  4552 | D:2      | Noticed Natasha
  4925 | D:2      | Killed Natasha
  4926 | D:2      | Reached skill level 5 in Spellcasting
  4926 | D:2      | Reached XP level 5. HP: 15/24 MP: 4/13
  5101 | D:3      | Identified the +1 leather armour "Capnaf" {-Cast rC+++ rN++
                  | Stlth-}
  5271 | D:3      | Killed Terence
  5272 | D:3      | Reached skill level 1 in Hexes
  5754 | D:3      | Noticed Jessica
  5764 | D:3      | Killed Jessica
  6263 | D:4      | Reached XP level 6. HP: 28/28 MP: 10/15
  6318 | D:4      | Reached skill level 6 in Spellcasting
  6915 | D:4      | Reached XP level 7. HP: 32/32 MP: 13/18
  6935 | D:4      | Learned a level 4 spell: Iskenderun's Mystic Blast
  7365 | D:5      | Entered Level 5 of the Dungeon
  7531 | D:5      | Reached skill level 7 in Spellcasting
  7821 | D:5      | Identified the +4 scale mail of Inevitability {rC+ Str+2}
  7827 | D:5      | Noticed Ijyb
  7849 | D:5      | Killed Ijyb
  8124 | D:5      | Noticed Sigmund
  8144 | D:5      | Killed Sigmund
  8145 | D:5      | Reached skill level 5 in Hexes
  8284 | D:5      | Identified the ring of Nilluu {Str+2 Int+7 SInv}
  8561 | D:5      | Reached XP level 8. HP: 9/36 MP: 12/20
  9031 | D:5      | Reached skill level 8 in Spellcasting
  9138 | D:5      | Found a basalt altar of Yredelemnul.
  9218 | D:5      | Reached skill level 5 in Conjurations
  9371 | D:6      | Noticed a two-headed ogre
  9559 | D:6      | Found Syriun's Jewellery Shop.
 11277 | D:6      | Killed a two-headed ogre
 11278 | D:6      | Reached skill level 9 in Spellcasting
 11278 | D:6      | Reached XP level 9. HP: 39/39 MP: 13/23
 11760 | D:6      | Identified the +9 long sword of the Dragonfly {freeze,
                  | rPois}
 11776 | D:6      | Found a corrupted altar of Lugonu.
 11777 | D:6      | Found a one-way gate to the infinite horrors of the Abyss.
 13497 | D:7      | Reached skill level 10 in Spellcasting
 13945 | D:7      | Identified the +7 mace of Neginti {venom, Will+ Str+4}
 14210 | D:7      | Found a staircase to the Ecumenical Temple.
 14220 | Temple   | Entered the Ecumenical Temple
 14309 | Temple   | Became a worshipper of Vehumet
 14496 | D:8      | Noticed Erica
 15011 | D:7      | Reached skill level 1 in Translocations
 15323 | D:7      | Mangled by a slime creature

Illustrated notes

Levels and vault maps discovered:
D:1:      mrwooster_arrival_arrow, layout_loops_ring,
          hellmonk_ecumenical_altar_pennies_from_heaven, nicolae_titane
D:2:      layout_basic, uniq_natasha
D:3:      layout_basic, grunt_ministairs_6, dreamdust_princess_corridor,
          kennysheep_nub, uniq_terence, uniq_jessica
D:4:      layout_basic
D:5:      layout_rooms, lemuel_zombie_altar_yredelemnul, uniq_sigmund, uniq_ijyb
D:6:      layout_loops_ring, serial_shops, nicolae_shop_hallway_stairs,
          amcnicky_altar_lugonu_corruption
D:7:      layout_basic, minmay_temple_entry_mist
D:8:      layout_gridville, reono_crystal_passage, kennysheep_generic_room_2,
          uniq_psyche, uniq_erica
Temple:   dpeg_three_leaves_temple

Skill      XL: |  1  2  3  4  5  6  7  8  9 |
---------------+----------------------------+-----
Conjurations   | 3 4 5 6 |  6.6
Spellcasting   | 3 4 5 6 7 9 10 | 10.6
Hexes          | 2 4 5 7 9 |  9.1
Dodging        | 3 |  3.0
Translocations | 1 |  1.1
Stealth        | |  3.0

Action                   |  1- 3 |  4- 6 |  7- 9 || total
-------------------------+-------+-------+-------++-------
Melee: Unarmed           |     4 |       |       ||     4
       Club              |       |     1 |       ||     1
       Long sword        |       |       |     4 ||     4
Throw: Throwing net      |       |       |     1 ||     1
 Cast: Magic Dart        |   123 |    93 |   323 ||   539
       Searing Ray       |     2 |     7 |    24 ||    33
       Fulminant Prism   |       |       |    11 ||    11
  Use: Potion            |       |       |    10 ||    10
       Scroll            |       |       |    10 ||    10
 Stab: Sleeping          |       |       |     1 ||     1
Armor: Robe              |     7 |       |     7 ||    14
Dodge: Dodged            |    14 |    27 |   192 ||   233
